 Dungeon Crawl Stone Soup version 0.28-a0-1624-g820543e53a (webtiles) character file.

Game seed: 8267912474167212356

23 HallandMoats the Vandal (level 2, 25/25 HPs)
             Began as a Ghoul Hunter on Jan 23, 2022.
             Was a Follower of Sif Muna.
             Safely got out of the dungeon.
             The game lasted 00:00:51 (1065 turns).

HallandMoats the Vandal (Ghoul Hunter)              Turns: 1065, Time: 00:00:52

Health: 25/25      AC:  3    Str: 15    XL:     2   Next: 95%
Magic:  1/1        EV: 11    Int:  6    God:    Sif Muna [*.....]
Gold:   27         SH:  0    Dex:  9    Spells: 1/1 levels left

rFire   . . .      SeeInvis .   a - +1 hunting sling
rCold   + . .      Faith    .   (no shield)
rNeg    + + +      Spirit   .   c - +0 leather armour
rPois   ∞          Reflect  .   (no helmet)
rElec   .          Harm     .   (no cloak)
rCorr   .          Rampage  .   (no gloves)
Will    .....                   (no boots)
Stlth   +.........              (no amulet)
HPRegen 0.08/turn               (no ring)
MPRegen 0.07/turn               (no ring)

@: no status effects
A: claws 1, cold resistance 1, negative energy resistance 3, inhibited
regeneration, torment resistance 2
a: Renounce Religion, Channel Magic


You escaped.
You worshipped Sif Muna.
Sif Muna was aware of your devotion.
You visited 1 branch of the dungeon, and saw 1 of its levels.

You collected 27 gold pieces.

Inventory:

Hand Weapons
 a - a +1 hunting sling (weapon)
 b - a +0 short sword
Missiles
 d - 15 sling bullets (quivered ammo)
 g - 5 stones
Armour
 c - a +0 leather armour (worn)
Jewellery
 f - a ring of ice
Scrolls
 h - a scroll of teleportation {unknown}
Potions
 e - a potion of curing {unknown}


   Skills:
 + Level 2.5 Fighting
 * Level 3.9 Slings
 + Level 0.7 Armour
 + Level 2.0 Dodging
 - Level 1.1 Stealth


You had one spell level left.
You didn't know any spells.
Your spell library was empty.

Dungeon Overview and Level Annotations

Branches:
Dungeon (1/15)

Altars:
Sif Muna


Innate Abilities, Weirdness & Mutations

You thrive by killing the living.
You are immune to poison.
You have sharp fingernails.
Your flesh is cold resistant. (rC+)
You are immune to negative energy. (rN+++)
You do not regenerate when monsters are visible.
You are immune to unholy pain and torment.


Message History

The endoplasm is moderately wounded.
You shoot a sling bullet. The sling bullet hits the endoplasm.
The endoplasm is heavily wounded.
You shoot a sling bullet. The sling bullet hits the endoplasm!
You kill the endoplasm!
No target in view!
No target in view!
No target in view!
You see here a hobgoblin corpse.
d - 11 sling bullets (gained 2)
d - 13 sling bullets (gained 2)
d - 14 sling bullets (gained 1)
d - 15 sling bullets (gained 1)
Found a stone staircase leading down.
Done exploring.
Done exploring.
Done exploring.
Done exploring.
Search for what [? for help]? altar You see here a hobgoblin corpse.
There is an open door here.
There is an open door here.
There is an open door here.
There is a faded altar of an unknown god here.
You cannot tell which god this altar belongs to.
Convert to them anyway?
Sif Muna accepts your prayer! Sif Muna welcomes you!
You can now call upon Sif Muna for magical energy.
Unknown command.
Press < or > to pray at altars.
(D) Dungeon
Where to? (Enter - D:1 @ (x,y), ? - help)
What level of the Dungeon? (default 1, ? - help)
There is an open door here.
There is an open door here.
You open the door.
There is an open door here.
There is a staircase leading out of the dungeon here.
Are you sure you want to leave the Dungeon?
This will make you lose the game!
You have escaped!

#........#.#.#.##.# #.....
######.......#.##.# ####.#
#########.##.# #.#
#.##.######.# #.##........#
#.########### #########.#
##.......###
######....@....############
##...................##....#
#...⌠....##'##....⌠...####.#
#........#...#........# #.#
#........'8.8+........# #.#
###########'########### #.#
#.#...#.#..# #.# #.#
#..........# #.# #.#
##.#####.### #.# #.#


There were no monsters in sight!

Vanquished Creatures
  4 bats (D:1)
  6 endoplasms (D:1)
  A giant cockroach (D:1)
  2 goblins (D:1)
  2 hobgoblins (D:1)
  A kobold (D:1)
  A frilled lizard (D:1)
  3 rats (D:1)
20 creatures vanquished.

Notes
Turn   | Place    | Note
-------+----------+-------------------------------------------
     0 | D:1      | HallandMoats the Ghoul Hunter began the quest for the Orb.
     0 | D:1      | Reached XP level 1. HP: 17/17 MP: 0/0
   217 | D:1      | Reached XP level 2. HP: 25/25 MP: 1/1
   705 | D:1      | Found a faded altar of an unknown god.
  1022 | D:1      | Prayed at the altar of an unknown god.
  1022 | D:1      | Became a worshipper of Sif Muna the Loreminder
  1022 | D:1      | Reached * piety under Sif Muna
  1065 | D:$      | Safely got out of the dungeon.

Illustrated notes

Levels and vault maps discovered:
D:1:      giann_wishing_wells, layout_loops_corners, basic_ecumenical_altar

Skill      XL: |  1  2 |
---------------+-------+-----
Dodging        | 2 |  2.0
Fighting       | |  2.5
Slings         | |  3.9
Armour         | |  0.7
Stealth        | |  1.1

Action                   || total
-------------------------++-------
 Fire: Hunting sling     ||    46
Armor: Leather armour    ||     2
Dodge: Dodged            ||     3

Table legend: (Time is in decaauts)
 A = Elapsed time spent in this place.
 B = Non-inter-level travel time spent in this place.
 C = Inter-level travel time spent in this place.
 D = Time resting spent in this place.
 E = Time spent auto-exploring this place.
 F = Levels seen in this place.
 G = Mean time per level.
                   A        B        C        D        E       F      G
               +--------+--------+--------+--------+--------+-----+--------+
         Total |   1065 |    960 |    105 |      0 |    869 |   1 | 1065.0 |
       Dungeon |   1065 |    960 |    105 |      0 |    869 |   1 | 1065.0 |
               +--------+--------+--------+--------+--------+-----+--------+

Top non-repeatable levels by time:
     D:1: 1065 daAuts
